 Dungeon Crawl Stone Soup version 0.25-a0-517-gf8b3a32422 (webtiles) character file.

Game seed: 3527984430744178866, levelgen mode: deterministic

25802 drasked the Summoner (level 12, -17/68 HPs)
             Began as a Deep Elf Wizard on Feb 18, 2020.
             Was an Elder of Vehumet.
             Hit by a silver javelin thrown by a minotaur (19 damage)
             ... in a Gauntlet.
             The game lasted 02:10:45 (26265 turns).

drasked the Summoner (Deep Elf Wizard)             Turns: 26265, Time: 02:10:45

Health: -17/68     AC:  5    Str:  4    XL:     12   Next: 92%
Magic:  8/28       EV: 20    Int: 35    God:    Vehumet [****..]
Gold:   615        SH:  9    Dex: 13    Spells: 14/31 levels left

rFire    . . .     SeeInvis .   C - +2 spear (venom)
rCold    . . .     Gourm    .   G - +0 buckler
rNeg     . . .     Faith    .   B - +2 robe
rPois    +         Spirit   .   O - -3 helmet "Juwoh" {Int+2}
rElec    +         Reflect  +   (no cloak)
rCorr    .         Harm     .   o - +1 pair of gloves
MR       +....     NoTele   +   H - +0 pair of boots "Xeguq" {rElec}
Stlth    ++........             F - +4 amulet of reflection
HPRegen  0.21/turn              J - +4 ring of intelligence
MPRegen  0.21/turn              P - ring of poison resistance {rPois, !d}

@: very slightly contaminated
A: no striking features
a: Renounce Religion


You were in a Gauntlet.
You worshipped Vehumet.
Vehumet was greatly pleased with you.
You were not hungry.

You visited 3 branches of the dungeon, and saw 17 of its levels.
You also visited: Gauntlet.

You collected 896 gold pieces.
You spent 281 gold pieces at shops.

Inventory:

Hand Weapons
 C - a +2 spear of venom (weapon)
   (You took it off a gnoll sergeant on level 6 of the Dungeon)
Armour
 l - the +1 leather armour of Atheism {Int+3}
   (You found it in a Gauntlet)

   It affects your intelligence (+3).
   If you switch to wearing this armour, your AC will remain unchanged.
 o - a +1 pair of gloves (worn)
   (You found it on level 2 of the Dungeon)
 v - the +0 pair of boots of the Spheres {*Slow rPois rN+ Regen+}
   (You found it in a Gauntlet)

   It protects you from poison.
   It protects you from negative energy.
   It increases your rate of regeneration.
   It may slow you when you take damage.
   If you switch to wearing this armour, your AC will remain unchanged.
 B - a +2 robe (worn)
   (You took it off Pikel on level 9 of the Dungeon)
 G - a +0 buckler (worn)
   (You found it on level 11 of the Dungeon)
 H - the +0 pair of boots "Xeguq" (worn) {rElec}
   (You found it on level 9 of the Dungeon)

   It insulates you from electricity.
   If you remove this armour, your AC will decrease by 1 (5 -> 4).
 O - the -3 helmet "Juwoh" (worn) {Int+2}
   (You found it on level 11 of the Dungeon)

   It affects your intelligence (+2).
   If you remove this armour, your AC will increase by 2 (5 -> 7).
 Y - a +2 hat of see invisible
   (You found it in a Gauntlet)
Magical Staves
 r - an uncursed staff of wizardry {wiz+, !awiz+, !a}
   (You found it on level 3 of the Dungeon)
Jewellery
 m - an uncursed ring of protection from magic {MR+, !d}
   (You found it on level 12 of the Dungeon)
 D - an uncursed ring of magical power {MP+9MP+9}
   (You took it off an orc on level 10 of the Dungeon)
 F - a +4 amulet of reflection (around neck)
   (You found it on level 7 of the Dungeon)
 I - an uncursed ring of protection from cold {rC+, !d}
   (You found it on level 6 of the Dungeon)
 J - a +4 ring of intelligence (left hand)
   (You found it on level 9 of the Dungeon)
 N - an uncursed ring of positive energy {rN+rN+}
   (You found it on level 7 of the Dungeon)
 P - a ring of poison resistance (right hand) {rPois, !d}
   (You found it on level 11 of the Dungeon)
 R - an uncursed amulet of regeneration {+regen, !d}
   (You found it on level 14 of the Dungeon)
 S - an uncursed ring of see invisible {sInv, !d}
   (You found it on level 13 of the Dungeon)
Wands
 c - a wand of enslavement (9)
   (You found it on level 9 of the Dungeon)
 u - a wand of paralysis (5)
   (You found it on level 7 of the Dungeon)
 A - a wand of polymorph (12)
   (You found it on level 8 of the Dungeon)
 E - a wand of clouds (7)
   (You found it on level 10 of the Dungeon)
 U - a wand of acid (9)
   (You found it on level 11 of the Dungeon)
Scrolls
 a - a scroll of torment {unknown}
 g - 2 scrolls of fear
 h - 3 scrolls of immolation {!r!r}
 i - 2 scrolls of identify
 j - 2 scrolls of amnesia
 n - a scroll of summoning {unknown}
 p - a scroll of brand weapon {unknown}
 t - 6 scrolls of teleportation
 w - 3 scrolls of remove curse
 x - 2 scrolls of fog
 y - a scroll of acquirement {unknown}
 M - a scroll of silence {unknown}
 Q - a scroll of vulnerability {!r!r!r!r}
 T - a scroll of holy word {unknown}
 W - 2 scrolls of enchant armour
Potions
 b - 2 potions of lignification {!q!q}
 d - 5 potions of might
 f - 3 potions of invisibility
 q - 4 potions of curing
 s - 3 potions of agility
 z - a potion of flight
 K - a potion of brilliance
 L - a potion of ambrosia
 X - a potion of berserk rage {!q!q}
Miscellaneous
 V - a crystal ball of energy
   (You found it on level 11 of the Dungeon)
Comestibles
 e - 15 rations


   Skills:
 - Level 5.0 Fighting
 - Level 12.4 Dodging
 - Level 2.4 Stealth
 - Level 4.0 Shields
 - Level 10.1 Spellcasting
 - Level 10.1 Conjurations
 - Level 13.1 Summonings
 - Level 1.1 Translocations
 - Level 5.0 Ice Magic
 + Level 2.1 Air Magic
 - Level 2.0 Poison Magic


You had 14 spell levels left.
You knew the following spells:

 Your Spells              Type           Power        Failure   Level  Hunger
a - Magic Dart            Conj           ####         1%          1    None
b - Blink                 Tloc           N/A          2%          2    None
c - Call Imp              Summ           #######.     0%          2    None
d - Summon Ice Beast      Ice/Summ       ######..     1%          4    None
e - Lightning Bolt        Conj/Air       ######....   1%          5    ##.....
x - Mephitic Cloud        Conj/Pois/Air  ######..     1%          3    None

Your spell library contained the following spells:

 Spells                   Type           Power        Failure   Level  Hunger
 Ensorcelled Hibernation  Hex/Ice        #####.       1%          2    None
 Conjure Flame            Conj/Fire      ######..     1%          3    None
 Dazzling Flash           Conj/Hex       ######       1%          3    None
 Recall                   Summ/Tloc      N/A          1%          3    None
 Summon Guardian Golem    Hex/Summ       ######..     1%          3    None
 Aura of Abjuration       Summ           #######...   1%          5    ##.....
 Corona                   Hex            ###....      2%          1    None
 Irradiate                Conj/Tmut      ######....   2%          5    ##.....
 Slow                     Hex            ###.....     3%          2    None
 Gell's Gravitas          Tloc           ####......   4%          3    None
 Confusing Touch          Hex            ###.....     8%          3    None
 Tukima's Dance           Hex            ###.....     8%          3    None
 Lee's Rapid Deconstruct  Erth           ###.......   17%         5    ##.....
 Yara's Violent Unravell  Hex/Tmut       ###.......   17%         5    ##.....
 Petrify                  Tmut/Erth      ###.....     24%         4    None
 Metabolic Englaciation   Hex/Ice        #####.....   24%         5    ##.....
 Hydra Form               Tmut           ###.......   98%         6    ####...
 Statue Form              Tmut/Erth      ###......    98%         6    ####...
 Dragon Form              Tmut           ###.......   100%        7    ######.


Dungeon Overview and Level Annotations

Branches:
Dungeon (15/15)            Temple (1/1) D:7            Lair (1/6) D:11
    Orc (0/2) D:11         Vaults (0/5) D:14         Depths (0/5) D:15
Gauntlet (1/1)

Altars:
Ashenzari
Cheibriados
Dithmenos
Elyvilon
Fedhas
Gozag
Hepliaklqana
Kikubaaqudgha
Makhleb
Nemelex Xobeh
Okawaru
Qazlal
Ru
Sif Muna
Trog
Uskayaw
Vehumet
Wu Jian
Xom
Yredelemnul
Zin
The Shining One
Jiyva

Shops:
D:4 **(   D:5 !   D:6 (   D:12 =   D:13 ?

Portals:
Trove: D:13 (give 5 scrolls of blinking)

Annotations:
D:9 2 transporters
D:10 Urug
D:14 Roxanne
D:15 Nessos Gauntlet 8 transporters, 4 runed translucent doors


Message History

The hell hound bites your ice beast but does no damage.
The fire bat fails to trigger a net trap.
The hell hound bites your ice beast! The fire bat bites you.
You are engulfed in flames.
You barely miss the fire bat. The fire bat closely misses you.
The hell hound barely misses your ice beast.
The hell hound bites your ice beast.
Attack whom?
Aim: a hell hound (noxious fumes, heavily wounded)
You could not reach far enough!
The fire bat bites you but does no damage.
The hell hound completely misses your ice beast.
The hell hog fails to trigger a net trap.
The fire bat barely misses you.
Aim: a hell hog The ball explodes into a vile cloud!
The stinking cloud engulfs the hell hog but does no damage.
You block the fire bat's attack.
The hell hound barely misses your ice beast.
The hell hog is engulfed in noxious fumes.
The hell hog breathes fire at you.
The fireball explodes!
The fireball engulfs you!
The fireball engulfs the fire bat.
The fire bat completely resists.
The fireball engulfs your ice beast!!!
Your ice beast melts!
Your ice beast dies!
The hell hound breathes flames at you.
The blast of flame hits the fire bat.
The fire bat completely resists.
The blast of flame hits you!!
* * * LOW HITPOINT WARNING * * *
The hell hog is engulfed in noxious fumes.
The hell hound fails to trigger a net trap.
Really read
k - 2 scrolls of blinking {!r!r}?
Blink to where?
You are very lightly contaminated with residual magic.
As you read the scroll of blinking {!r!r}, it crumbles to dust.
The hell hog is engulfed in noxious fumes.
The hell hog appears confused.
The hell hog barely misses the fire bat.
Unknown command.
Okay, then.
You see here a glowing hat.
Y - a glowing hat Really read
k - a scroll of blinking {!r!r}?
Blink to where?
As you read the scroll of blinking {!r!r}, it crumbles to dust.
The hell hound misses you. The hell hound breathes flames at you.
The blast of flame hits you!
* * * LOW HITPOINT WARNING * * *
You hear an angry squeal.
You enter the transporter and appear at another place.
You block the hell hound's attack.
Okay, then.
You feel better. The hell hound breathes flames at you.
The blast of flame misses you.
A minotaur comes into view. It is quivering 17 silver javelins.
You block the hell hound's attack.
The minotaur bellows!
The ball explodes into a vile cloud!
The stinking cloud engulfs the minotaur but does no damage.
The hell hound pauses to sniff the ground.
The hell hound misses you.
The minotaur is engulfed in noxious fumes.
The minotaur appears confused.
A chill wind blows around you.
* * * LOW MAGIC WARNING * * *
You block the hell hound's attack.
The minotaur is engulfed in noxious fumes.
The minotaur appears confused.
You block the hell hound's attack. You block the hell hound's attack.
A chill wind blows around you.
* * * LOW MAGIC WARNING * * *
You block the hell hound's attack.
Your ice beast freezes the hell hound!
The hell hound is frozen!
You are too injured to fight recklessly!
You barely miss the hell hound. The hell hound breathes flames at you.
The blast of flame hits you!
* * * LOW HITPOINT WARNING * * *
The hell hound barely misses you.
You swap places.
The hell hound bites you.
* * * LOW HITPOINT WARNING * * *
You swap places.
The hell hound bites your ice beast.
Your ice beast freezes the hell hound!!
The hell hound is frozen!
The hell hound dies!
What are your orders? t - Shout!
Orders for allies: a - Attack new target. r - Retreat! s - Stop attacking. g - Guard the area. f - Follow me.
Anything else - Cancel.
Gang up on whom?
Aim: a minotaur, wearing a +0 chain mail and quivering 17 silver javelins (confused) Attack!
The minotaur seems less confused.
The minotaur throws a silver javelin.
The silver javelin pierces through your ice beast!!
The silver javelin pierces through you!!
You die...

.#.#.#.#.#...#.}+##..#...#...###.
.#######.#...###=yy###...#.#^#...
.........#...####y####...#.#^..##
...?©}[..#...#########...#..%.©}.
##########...............########
...........8.....8.....8.........
....8.........................8..
...........#≈#########≈#.........
#≈#§#≈#≈#≈####..@....####≈#≈#§#≈#
########### #..8.8.8..###########
#...©.©.Y...# #.......Y.H...#
#.##.##.##.##.# # #. #.# .# # ..
... .. #.##.## ##. #. #. .#


You could see a minotaur, 3 meliai and 2 friendly ice beasts.

Levels and vault maps discovered:
D:1:      tarquinn_simple_flora_water_f, layout_basic, serial_curves,
          eino_curves_03, eino_curves_03
D:2:      layout_loops_cross, first_ration
D:3:      layout_loops_ring, tgw_sif
D:4:      layout_basic, serial_shops, nicolae_shop_stone, kennysheep_mini_moat,
          nicolae_shop_stone, minmay_goblin_kobold_house
D:5:      layout_basic, serial_shops, kennysheep_mini
D:6:      layout_basic, lemuel_doored_altar, lemuel_round_altar, serial_shops,
          shop, uniq_eustachio
D:7:      layout_loops_ring, elyvilon_altar_4, minmay_temple_entry_crystal_x,
          uniq_harold, uniq_maggie, uniq_duvessa
D:8:      layout_basic, grunt_temple_overflow_open
D:9:      gammafunk_the_bubble [the_bubble_gammafunk_crates], layout_loops_ring,
          evilmike_ruin_ashenzari, hangedman_fish_farm, uniq_pikel
D:10:     layout_irregular_city, uniq_urug, uniq_nergalle, uniq_sonja
D:11:     kennysheep_town, serial_shops
D:12:     layout_basic, serial_shops, shop, david_defended_altar_elf, uniq_snorg
D:13:     layout_irregular_city, serial_shops, shop, enter_trove_3,
          jiyva_altar_1
D:14:     layout_roguey, grunt_vaults_entry_fortified, hex_medium, uniq_roxanne
D:15:     grunt_enter_depths_hoard, layout_basic, serial_shops,
          bzr_entry_customers, kennysheep_pointless_box,
          gammafunk_ghost_necromancy, uniq_josephine, uniq_nessos
Temple:   regret_index_temple_generic_petals
Lair:1:   layout_cave_pods, gauntlet_entry_generic, lemuel_fruit_fields
Gauntlet: minmay_gauntlet_mixed_oops_all_seconds
          [minmay_gauntlet_arena_77_shame_cube, nicolae_gauntlet_swirl,
          minmay_gauntlet_arena_77_mirror, gammafunk_gauntlet_arena_teeth,
          minmay_gauntlet_arena_77_cramped, nicolae_gauntlet_arena_grate_2,
          gauntlet_exit_green]

Notes
Turn   | Place    | Note
-------+----------+-------------------------------------------
     0 | D:1      | drasked the Deep Elf Wizard began the quest for the Orb.
     0 | D:1      | Reached XP level 1. HP: 10/10 MP: 7/7
   123 | D:1      | Reached skill level 2 in Conjurations
   160 | D:1      | Identified a +0 short sword
   169 | D:1      | Identified a +0 whip (You found it on level 1 of the
                  | Dungeon)
   174 | D:1      | Reached XP level 2. HP: 15/15 MP: 1/9
   267 | D:1      | Identified a +0 dagger
   360 | D:1      | Identified a +0 dagger
   531 | D:1      | Reached skill level 3 in Conjurations
   622 | D:1      | Identified a +0 short sword
   654 | D:1      | Identified a +0 club
   834 | D:1      | Identified a +0 dagger
   988 | D:2      | Identified a +3 spear (You found it on level 2 of the
                  | Dungeon)
  1014 | D:2      | Reached XP level 3. HP: 19/19 MP: 8/10
  1135 | D:2      | Learned a level 2 spell: Blink
  1138 | D:2      | Learned a level 2 spell: Call Imp
  1142 | D:2      | Learned a level 3 spell: Mephitic Cloud
  1421 | D:2      | Identified a +0 whip
  1431 | D:2      | Identified a +0 club
  1482 | D:2      | Reached skill level 4 in Conjurations
  1534 | D:2      | Reached XP level 4. HP: 24/24 MP: 7/12
  1573 | D:2      | Identified a +0 pair of gloves (You found it on level 2 of
                  | the Dungeon)
  1592 | D:2      | Identified a +0 club
  1614 | D:2      | Identified a +0 club
  1652 | D:2      | Identified a +0 club
  1675 | D:2      | Identified a cursed -1 club
  1676 | D:2      | Identified a +1 halberd of venom
  2043 | D:3      | Reached skill level 5 in Conjurations
  2068 | D:3      | Identified a +0 mace
  2180 | D:3      | Identified a +0 dagger
  2180 | D:3      | Identified a +0 robe
  2185 | D:3      | Reached XP level 5. HP: 18/28 MP: 8/14
  2299 | D:3      | Found a shimmering blue altar of Sif Muna.
  2340 | D:3      | Identified a +0 club
  2344 | D:3      | Identified a +0 halberd
  2347 | D:3      | Reached skill level 2 in Summonings
  2356 | D:3      | Reached skill level 5 in Spellcasting
  2546 | D:3      | Identified a +0 hunting sling
  2800 | D:3      | Identified a +1 dagger of venom
  2876 | D:3      | Identified a +0 club
  3130 | D:4      | Found Ehug's General Store.
  3133 | D:4      | Bought a potion of curing for 36 gold pieces
  3182 | D:4      | Identified a +0 flail
  3182 | D:4      | Identified a +0 leather armour
  3184 | D:4      | Identified a +0 dagger
  3186 | D:4      | Identified a +0 mace
  3188 | D:4      | Identified a +0 leather armour
  3196 | D:4      | Reached skill level 3 in Summonings
  3199 | D:4      | Reached XP level 6. HP: 32/32 MP: 0/16
  3206 | D:4      | Reached skill level 6 in Spellcasting
  3387 | D:4      | You fall into a shaft and drop 1 floor!
  3387 | D:5      | Entered Level 5 of the Dungeon
  3387 | D:5      | Identified a +2 whip of distortion
  3387 | D:5      | Identified a +0 ring mail
  3387 | D:5      | Identified a +0 dagger
  3504 | D:4      | Identified a +0 short sword
  3504 | D:4      | Identified a +0 leather armour
  3520 | D:5      | Identified a +0 shortbow
  3542 | D:5      | HP: 4/32 [scorpion (6)]
  3543 | D:5      | Reached skill level 4 in Summonings
  3879 | D:5      | HP: 3/32 [centaur (9)]
  3943 | D:5      | Reached skill level 7 in Spellcasting
  3943 | D:5      | Reached XP level 7. HP: 10/36 MP: 10/19
  4194 | D:5      | Identified a +0 short sword
  4194 | D:5      | Identified a +0 dagger
  4195 | D:5      | Identified a +0 short sword
  4196 | D:5      | Identified a +0 short sword
  4202 | D:5      | Identified a +0 club
  4269 | D:5      | Reached skill level 1 in Poison Magic
  4585 | D:5      | Reached skill level 1 in Air Magic
  4677 | D:5      | Found Atokk's Distillery.
  4680 | D:5      | Bought a potion of heal wounds for 65 gold pieces
  4854 | D:4      | Found Kerph's Assorted Antiques.
  4854 | D:4      | Identified a +0 flail
  4860 | D:4      | Identified a +0 short sword
  4864 | D:4      | Identified a +0 dagger
  4864 | D:4      | Identified a +0 robe
  4867 | D:4      | Identified a +0 dagger
  4867 | D:4      | Identified a +0 robe
  4868 | D:4      | Identified a cursed -2 short sword
  4876 | D:4      | Identified a +0 dagger
  4877 | D:4      | Reached skill level 5 in Summonings
  4877 | D:4      | Identified a +0 ring mail
  5005 | D:4      | Identified a +0 dagger
  5005 | D:4      | Identified a +0 robe
  5056 | D:4      | Reached skill level 2 in Poison Magic
  5324 | D:4      | Identified a +0 club
  5324 | D:4      | Identified a +0 leather armour
  5334 | D:4      | Reached skill level 2 in Air Magic
  5337 | D:4      | Identified a cursed -1 flail
  5348 | D:4      | Identified a +0 flail
  5590 | D:4      | Identified a +0 falchion
  5896 | D:4      | Identified a cursed -3 hand axe
  5896 | D:4      | Identified a +0 scale mail
  5901 | D:4      | Identified a +0 flail
  5901 | D:4      | Identified a +0 leather armour
  5903 | D:4      | Found Cula's Weapon Shop.
  5921 | D:4      | Identified a +0 whip
  5921 | D:4      | Identified a +0 ring mail
  5923 | D:4      | Identified a cursed -1 short sword
  6113 | D:4      | Identified a cursed +0 club
  6121 | D:4      | Identified a +0 long sword
  6126 | D:4      | Reached XP level 8. HP: 41/41 MP: 13/20
  6283 | D:4      | Identified 3 scrolls of teleportation
  6284 | D:4      | Identified 2 scrolls of noise
  6285 | D:4      | Identified 4 scrolls of identify
  6285 | D:4      | Identified 2 potions of invisibility
  6286 | D:4      | Identified 4 scrolls of immolation
  6288 | D:4      | Identified 2 scrolls of enchant armour
  6289 | D:4      | Identified a potion of agility
  6467 | D:6      | Reached skill level 6 in Summonings
  6473 | D:6      | Identified a +0 spear
  6474 | D:6      | Identified a +2 spear of venom
  6474 | D:6      | Identified a +0 scale mail
  6482 | D:6      | Identified a +0 dagger
  6482 | D:6      | Identified a +0 robe
  6492 | D:6      | Identified a +0 hand axe
  6509 | D:6      | Identified a +0 hand axe
  6509 | D:6      | Identified a +2 leather armour of poison resistance
  6519 | D:6      | Found a blossoming altar of Fedhas.
  6531 | D:5      | HP: 9/41 [bullfrog (3)]
  6534 | D:5      | Reached skill level 6 in Conjurations
  6937 | D:6      | Identified a +0 scale mail
  6938 | D:6      | Identified a +0 flail
  7216 | D:6      | Identified a +0 falchion
  7216 | D:6      | Identified a +2 leather armour of positive energy
  7216 | D:6      | Noticed Eustachio
  7441 | D:6      | Killed Eustachio
  7666 | D:6      | You fall into a shaft and drop 2 floors!
  7667 | D:8      | Identified a +0 giant club
  7667 | D:8      | Identified a +0 great mace
  7667 | D:8      | Noticed a two-headed ogre
  7705 | D:8      | Reached skill level 7 in Summonings
  7768 | D:8      | Reached skill level 7 in Conjurations
  7872 | D:8      | Identified a +0 giant spiked club
  7872 | D:8      | Identified a +0 giant spiked club
  7872 | D:8      | Noticed a two-headed ogre
  7936 | D:8      | Identified a +0 shortbow
  7978 | D:8      | Reached skill level 8 in Conjurations
  8193 | D:8      | Identified a +0 mace
  8193 | D:8      | Identified a +0 chain mail
  8200 | D:8      | Identified a +0 short sword
  8200 | D:8      | Identified a +0 chain mail
  8222 | D:8      | Identified a +0 club
  8381 | D:8      | Reached skill level 1 in Fighting
  8381 | D:8      | Reached skill level 3 in Dodging
  8526 | D:8      | Identified a +0 leather armour
  8541 | D:8      | Identified a +0 dagger
  8555 | D:8      | Identified a +0 hand axe of freezing
  8735 | D:8      | Identified a +0 mace
  8843 | D:8      | Identified a +0 flail
  8843 | D:8      | Identified a +0 leather armour
  8843 | D:8      | Identified a +0 glaive
  8843 | D:8      | Identified a +0 plate armour
  8871 | D:8      | Reached XP level 9. HP: 43/48 MP: 4/21
  9010 | D:7      | Reached skill level 2 in Fighting
  9010 | D:7      | Reached skill level 4 in Dodging
  9064 | D:7      | Identified a +0 dagger
  9064 | D:7      | Identified a +0 robe
  9067 | D:7      | Identified a cursed -3 club
  9388 | D:6      | Identified a +0 giant club
  9566 | D:6      | Found a shadowy altar of Dithmenos.
  9595 | D:6      | Found Wyvoy's Weapon Boutique.
  9667 | D:7      | Found a staircase to the Ecumenical Temple.
  9675 | Temple   | Entered the Ecumenical Temple
  9908 | Temple   | Became a worshipper of Vehumet
 10077 | D:7      | Reached skill level 5 in Dodging
 10145 | D:7      | HP: 11/49 [hippogriff (9)]
 10147 | D:7      | HP: 3/49 [hippogriff (8)]
 10149 | D:7      | Reached skill level 3 in Fighting
 10428 | D:7      | Identified a +1 dire flail of distortion
 10428 | D:7      | Identified a +0 ring mail
 10428 | D:7      | Noticed Harold
 10461 | D:7      | Killed Harold
 10461 | D:7      | Reached skill level 4 in Fighting
 10461 | D:7      | Reached skill level 6 in Dodging
 10462 | D:7      | Identified a +0 broad axe
 10462 | D:7      | Identified +0 acid dragon scales
 10462 | D:7      | Noticed Maggie
 10481 | D:7      | Killed Maggie
 10481 | D:7      | Reached skill level 7 in Dodging
 10602 | D:7      | Identified a +0 dagger
 10602 | D:7      | Identified a +0 shortbow
 10602 | D:7      | Identified a +4 ring of strength
 10655 | D:7      | Found a white marble altar of Elyvilon.
 10795 | D:7      | Identified a +0 dagger
 10976 | D:7      | Identified a cursed +0 short sword
 10976 | D:7      | Identified a +0 leather armour
 10976 | D:7      | Noticed Duvessa
 10981 | D:7      | Reached skill level 5 in Fighting
 10989 | D:7      | Identified a +0 dagger
 10989 | D:7      | Identified a +0 robe
 10989 | D:7      | Noticed Dowan
 10994 | D:7      | Killed Dowan
 10995 | D:7      | Reached skill level 8 in Dodging
 11253 | D:7      | Killed Duvessa
 11253 | D:7      | Reached XP level 10. HP: 19/59 MP: 7/22
 11525 | D:8      | Identified a +0 dagger (You took it off an orc wizard on
                  | level 8 of the Dungeon)
 11525 | D:8      | Identified a cursed +0 robe (You took it off an orc wizard
                  | on level 8 of the Dungeon)
 11619 | D:8      | Identified a +0 dagger
 11619 | D:8      | Identified a +0 robe
 11624 | D:8      | Identified a +0 long sword
 11624 | D:8      | Identified a +0 plate armour
 11631 | D:8      | Identified a +0 quarterstaff
 11632 | D:8      | Identified a +0 club
 11632 | D:8      | Identified a +0 leather armour
 11643 | D:8      | Identified a +0 dagger
 11643 | D:8      | Identified a +0 robe
 11745 | D:8      | Reached skill level 9 in Dodging
 11753 | D:8      | Reached * piety under Vehumet
 11753 | D:8      | Offered knowledge of Shock by Vehumet.
 12155 | D:8      | Killed a two-headed ogre
 12155 | D:8      | Reached skill level 10 in Dodging
 12457 | D:8      | Found a stormy altar of Qazlal.
 12458 | D:8      | Found a snail-covered altar of Cheibriados.
 12460 | D:8      | Found a sacrificial altar of Ru.
 12524 | D:8      | Killed a two-headed ogre
 12524 | D:8      | Reached skill level 11 in Dodging
 13069 | D:9      | Found a transporter.
 13070 | D:9      | Identified a +0 shortbow
 13208 | D:9      | Identified a +0 club
 13233 | D:9      | Identified a +0 club
 13233 | D:9      | Identified a +1 short sword of venom
 13233 | D:9      | Identified a +0 scale mail
 13235 | D:9      | Identified a +0 dagger
 13235 | D:9      | Identified a +0 robe
 13237 | D:9      | Identified a +0 ring mail
 13238 | D:9      | Identified a +0 dagger
 13238 | D:9      | Identified a +0 robe
 13347 | D:9      | Identified a +1 whip of freezing
 13347 | D:9      | Identified a +2 robe
 13347 | D:9      | Noticed Pikel
 13379 | D:9      | Killed Pikel
 13456 | D:9      | Got a pair of transparent boots
 13486 | D:9      | Reached skill level 12 in Dodging
 13533 | D:9      | Found a shattered altar of Ashenzari.
 13714 | D:9      | Found a transporter.
 13717 | D:9      | Noticed a wolf spider
 13726 | D:9      | Identified a +0 hand axe
 13726 | D:9      | Identified a +0 robe
 13728 | D:9      | Noticed a deep troll
 13728 | D:9      | Noticed a sea snake
 13728 | D:9      | a deep troll changed into a sea snake
 13833 | D:9      | Identified a +0 spear
 14096 | D:9      | Identified a +0 scimitar of flaming
 14116 | D:9      | Noticed a seven-headed hydra
 14151 | D:9      | HP: 3/59 [efreet/bolt of fire (39)]
 14469 | D:9      | Identified the +0 pair of boots "Xeguq" {rElec} (You found
                  | it on level 9 of the Dungeon)
 14471 | D:8      | Identified a ring of intelligence (You found it on level 9
                  | of the Dungeon)
 14472 | D:8      | Identified a ring of positive energy (You found it on level
                  | 7 of the Dungeon)
 14474 | D:8      | Identified a ring of protection from cold (You found it on
                  | level 6 of the Dungeon)
 14475 | D:8      | Identified an amulet of reflection (You found it on level 7
                  | of the Dungeon)
 14479 | D:8      | Identified 2 potions of might
 14480 | D:8      | Identified a potion of mutation
 14482 | D:8      | Identified 3 scrolls of remove curse
 14483 | D:8      | Identified 2 scrolls of magic mapping
 14484 | D:8      | Identified 2 scrolls of random uselessness
 14719 | D:9      | Noticed an ettin
 14722 | D:10     | Entered Level 10 of the Dungeon
 14732 | D:10     | Identified a +0 mace
 14732 | D:10     | Identified a +0 leather armour
 14735 | D:10     | Identified a +0 club
 14735 | D:10     | Identified a +0 ring mail
 14736 | D:10     | Identified a +0 scale mail
 14829 | D:10     | Identified a +2 double sword of electrocution
 14829 | D:10     | Identified a +3 scale mail of cold resistance
 14829 | D:10     | Noticed Urug
 15229 | D:10     | Identified a +1 dagger of venom
 15229 | D:10     | Identified a +0 robe
 15229 | D:10     | Noticed Nergalle
 15241 | D:10     | Identified a +0 trident
 15241 | D:10     | Identified a +0 chain mail
 15241 | D:10     | Identified a +0 long sword
 15241 | D:10     | Identified a +0 plate armour
 15241 | D:10     | Identified a +0 dire flail
 15241 | D:10     | Identified a +0 plate armour
 15415 | D:10     | Identified a +0 halberd
 15415 | D:10     | Identified a +0 plate armour
 15418 | D:10     | Identified a +0 dire flail
 15418 | D:10     | Identified a cursed +0 plate armour
 15422 | D:10     | Identified a +0 trident
 15425 | D:10     | Identified a +0 mace
 15425 | D:10     | Identified an uncursed ring of magical power
 15426 | D:10     | Killed Nergalle
 15426 | D:10     | Reached skill level 8 in Spellcasting
 15426 | D:10     | Reached XP level 11. HP: 59/63 MP: 12/25
 15595 | D:10     | Identified a +2 dagger of electrocution
 15595 | D:10     | Identified a +0 chain mail
 15825 | D:10     | Reached skill level 9 in Conjurations
 15865 | D:10     | Identified a +0 dagger of draining
 15865 | D:10     | Noticed Sonja
 15941 | D:10     | Identified a +1 dire flail of protection
 15941 | D:10     | Identified a +0 giant club
 15941 | D:10     | Noticed a two-headed ogre
 16044 | D:10     | Killed a two-headed ogre
 16173 | D:10     | Identified a +0 flail
 16173 | D:10     | Identified a +0 chain mail
 16460 | D:10     | Killed Sonja
 16460 | D:10     | Reached skill level 9 in Spellcasting
 16525 | D:10     | Identified the Tome of Stones and Creation
 16532 | D:10     | Learned a level 4 spell: Summon Ice Beast
 16557 | D:11     | Noticed a brown ugly thing
 16574 | D:11     | Killed a brown ugly thing
 16830 | D:11     | Identified a +0 dagger
 16830 | D:11     | Identified a +0 ring mail
 16833 | D:11     | Identified a +0 flail
 16833 | D:11     | Identified a +0 scale mail
 16834 | D:11     | Identified a +0 dagger
 16834 | D:11     | Identified a +0 robe
 16835 | D:11     | Identified a +0 mace
 16837 | D:11     | Identified a +0 giant club
 16847 | D:11     | Reached ** piety under Vehumet
 16875 | D:11     | Offered knowledge of Foxfire by Vehumet.
 16920 | D:11     | HP: 9/63 [iguana (10)]
 17263 | D:11     | Got a faintly humming helmet
 17265 | D:11     | Identified a +0 giant club
 17265 | D:11     | Identified a +0 giant club
 17265 | D:11     | Noticed a two-headed ogre
 17279 | D:11     | Killed a two-headed ogre
 17378 | D:11     | Reached skill level 1 in Ice Magic
 17505 | D:11     | Identified a +0 dagger
 17505 | D:11     | Identified a +0 robe
 17512 | D:11     | Identified a +0 trident
 17512 | D:11     | Identified a +0 ring mail
 17512 | D:11     | Identified a +0 kite shield
 17537 | D:11     | Identified a cursed -3 trident
 17537 | D:11     | Identified a +0 ring mail
 17543 | D:11     | Identified a +0 dagger
 17543 | D:11     | Identified a cursed +0 robe
 17560 | D:11     | Identified a +1 trident of flaming
 17560 | D:11     | Identified a +0 scale mail
 17560 | D:11     | Identified a +0 whip
 17560 | D:11     | Identified a +0 leather armour
 17565 | D:11     | Identified a +0 spear
 17565 | D:11     | Identified a +0 scale mail
 17567 | D:11     | Identified a +0 giant club
 17567 | D:11     | Identified a +0 giant club
 17567 | D:11     | Noticed a two-headed ogre
 17578 | D:11     | Killed a two-headed ogre
 17578 | D:11     | Reached skill level 10 in Spellcasting
 17578 | D:11     | Reached skill level 10 in Conjurations
 17579 | D:11     | Identified a +0 club
 17579 | D:11     | Identified a +0 leather armour
 17581 | D:11     | Reached skill level 2 in Ice Magic
 17596 | D:11     | Identified the cursed -3 helmet "Juwoh" {Int+2} (You found
                  | it on level 11 of the Dungeon)
 17597 | D:11     | Identified a ring of poison resistance (You found it on
                  | level 11 of the Dungeon)
 17692 | D:11     | Identified a +0 spear
 17692 | D:11     | Identified a +0 leather armour
 17750 | D:11     | Identified a +0 dagger
 17750 | D:11     | Identified a +0 robe
 17868 | D:11     | Found a shimmering altar of Xom.
 17876 | D:11     | Found a staircase to the Orcish Mines.
 17887 | D:11     | Identified a +0 dagger
 17887 | D:11     | Identified a +0 robe
 17895 | D:11     | Identified a +0 club
 17897 | D:11     | Identified a +0 flail
 18217 | D:11     | Identified a +0 spear
 18217 | D:11     | Identified a +0 ring mail
 18217 | D:11     | Identified a +0 trident
 18236 | D:11     | Offered knowledge of Frozen Ramparts by Vehumet.
 18298 | D:11     | Reached skill level 3 in Ice Magic
 18427 | D:11     | Reached *** piety under Vehumet
 18501 | D:11     | Identified a +0 giant club
 18505 | D:11     | Identified a +0 chain mail
 18514 | D:11     | Identified a +0 short sword
 18514 | D:11     | Identified a +0 chain mail
 18522 | D:11     | Identified a +0 morningstar
 18522 | D:11     | Identified a +0 leather armour
 18800 | D:11     | Reached skill level 4 in Ice Magic
 18906 | D:11     | Found a staircase to the Lair.
 19192 | D:11     | Reached skill level 5 in Ice Magic
 19716 | D:11     | Identified a potion of degeneration
 19717 | D:11     | Identified a potion of berserk rage
 19718 | D:11     | Identified a potion of ambrosia
 19761 | D:12     | Identified a +0 short sword
 19761 | D:12     | Noticed a deep elf mage
 19773 | D:12     | Killed a deep elf mage
 19773 | D:12     | Offered knowledge of Stone Arrow by Vehumet.
 19773 | D:12     | Reached skill level 8 in Summonings
 19899 | D:12     | Identified a +0 morningstar
 19899 | D:12     | Identified a +0 leather armour
 19915 | D:12     | Identified a +1 war axe of freezing
 19915 | D:12     | Identified a +0 leather armour
 19944 | D:12     | Identified a +0 short sword
 19944 | D:12     | Identified a +0 leather armour
 20052 | D:12     | Identified a +0 club
 20056 | D:12     | Identified a +0 club
 20060 | D:12     | Identified a +0 dagger
 20071 | D:12     | Identified a +0 club
 20072 | D:12     | Identified a +0 dagger
 20074 | D:12     | Identified a +0 whip
 20077 | D:12     | Identified a +0 dagger
 20080 | D:12     | Identified a +0 dagger
 20084 | D:12     | Noticed a green ugly thing
 20086 | D:12     | Identified a +0 mace
 20089 | D:12     | Killed a green ugly thing
 20112 | D:12     | Reached skill level 9 in Summonings
 20394 | D:12     | Identified a +0 giant club
 20394 | D:12     | Identified a +0 giant club
 20394 | D:12     | Noticed a two-headed ogre
 20413 | D:12     | Killed a two-headed ogre
 20413 | D:12     | Reached **** piety under Vehumet
 20457 | D:12     | Identified a cursed -3 whip
 20457 | D:12     | Identified a +0 scale mail
 20458 | D:12     | Identified a +0 dagger
 20458 | D:12     | Identified a +0 leather armour
 20458 | D:12     | Identified a +0 dagger
 20458 | D:12     | Identified a +0 robe
 20459 | D:12     | Identified a +0 mace
 20463 | D:12     | Identified a +0 morningstar
 20477 | D:12     | Reached XP level 12. HP: 68/68 MP: 7/28
 20490 | D:12     | Identified a +1 morningstar of distortion
 20490 | D:12     | Identified a +0 ring mail
 20490 | D:12     | Identified a +1 flail of draining
 20490 | D:12     | Identified a +0 chain mail
 20493 | D:12     | Identified a +0 dagger
 20493 | D:12     | Identified a +0 robe
 20552 | D:12     | Identified a +0 dagger
 20552 | D:12     | Identified a +0 robe
 20617 | D:12     | Noticed Snorg
 20624 | D:12     | Killed Snorg
 20684 | D:12     | Reached skill level 10 in Summonings
 20780 | D:12     | Found Worureg's Jewellery Boutique.
 20873 | D:12     | Offered knowledge of Lightning Bolt by Vehumet.
 21222 | D:12     | Identified a +0 rapier
 21222 | D:12     | Identified a +0 leather armour
 21224 | D:12     | Identified a +0 long sword
 21224 | D:12     | Identified a +0 leather armour
 21273 | D:12     | Found an iron altar of Okawaru.
 21496 | D:13     | Found Tutuod's Magic Scroll Boutique.
 21504 | D:13     | Bought a scroll of blinking for 90 gold pieces
 21504 | D:13     | Bought a scroll of fog for 24 gold pieces
 21504 | D:13     | Bought a scroll of identify for 24 gold pieces
 21504 | D:13     | Bought a scroll of fear for 42 gold pieces
 21504 | D:13     | Identified a potion of flight
 21505 | D:13     | Identified a potion of brilliance
 21507 | D:13     | Identified a ring of protection from magic (You found it on
                  | level 12 of the Dungeon)
 21512 | D:13     | Identified 3 scrolls of amnesia
 21513 | D:13     | Identified 2 scrolls of vulnerability
 21538 | D:13     | Found a portal to a secret trove of treasure.
 21658 | D:13     | Found a viscous altar of Jiyva.
 21998 | D:13     | Identified a ring of see invisible (You found it on level
                  | 13 of the Dungeon)
 22060 | D:13     | Identified a +0 short sword
 22259 | D:14     | Identified a +0 hand axe
 22259 | D:14     | Identified a +3 scimitar
 22259 | D:14     | Identified a +0 chain mail
 22263 | D:14     | Identified a +0 hand axe
 22265 | D:14     | Identified a +0 dagger
 22265 | D:14     | Identified a +0 robe
 22395 | D:14     | Identified a +0 dagger
 22396 | D:14     | Identified a cursed -2 club
 22398 | D:14     | Identified a +0 flail
 22398 | D:14     | Identified a +0 chain mail
 22399 | D:14     | Identified a +0 dagger
 22399 | D:14     | Identified a +0 robe
 22400 | D:14     | Identified a +0 falchion
 22625 | D:14     | Reached skill level 11 in Summonings
 22820 | D:14     | Identified a +0 shortbow
 22823 | D:14     | Reached skill level 1 in Shields
 22825 | D:14     | Noticed a four-headed hydra
 22842 | D:14     | Killed a four-headed hydra
 22864 | D:14     | Identified a +0 shortbow
 22867 | D:14     | Identified a +0 shortbow
 22905 | D:14     | Identified a +0 shortbow
 22905 | D:14     | Noticed a centaur warrior
 22922 | D:14     | HP: 9/68 [centaur warrior (12)]
 22924 | D:14     | Killed a centaur warrior
 23264 | D:14     | Identified a +0 battleaxe
 23264 | D:14     | Identified a +0 chain mail
 23264 | D:14     | Identified a +0 arbalest
 23391 | D:14     | Reached skill level 2 in Shields
 23403 | D:14     | Noticed Roxanne
 23415 | D:14     | Identified a +0 broad axe
 23415 | D:14     | Identified a cursed +0 chain mail
 23415 | D:14     | Noticed a vault guard
 23417 | D:14     | Identified a +0 short sword
 23417 | D:14     | Identified a +0 arbalest
 23417 | D:14     | Identified a +0 leather armour
 23443 | D:14     | Killed a vault guard
 23513 | D:14     | Identified a +0 spear of pain
 23513 | D:14     | Identified a +0 robe
 23513 | D:14     | Noticed an ogre mage
 23513 | D:14     | Identified a +2 battleaxe of freezing
 23513 | D:14     | Identified a +0 chain mail
 23513 | D:14     | Noticed a vault guard
 23513 | D:14     | Identified a +0 dagger
 23513 | D:14     | Identified a +2 robe of fire resistance
 23533 | D:14     | Identified a +0 arbalest
 23729 | D:14     | Killed a vault guard
 23729 | D:14     | Reached skill level 3 in Shields
 23923 | D:14     | Identified a +0 long sword
 23923 | D:14     | Identified a cursed +0 chain mail
 23959 | D:14     | HP: 2/68 [Roxanne/bolt of magma (53)]
 24538 | D:14     | Found a gate to the Vaults.
 24570 | D:14     | Identified a +3 long sword
 24570 | D:14     | Identified a +0 chain mail
 24570 | D:14     | Noticed a vault guard
 24645 | D:14     | Identified a +0 great mace
 24645 | D:14     | Identified a +0 chain mail
 24711 | D:14     | Killed an ogre mage
 24719 | D:14     | Reached skill level 12 in Summonings
 24771 | D:14     | Identified a +0 shortbow
 24773 | D:14     | Identified a +0 shortbow
 24773 | D:14     | Identified a cursed -2 shortbow
 24773 | D:14     | Identified a +0 shortbow
 24773 | D:14     | Noticed a centaur warrior
 24798 | D:14     | Killed a centaur warrior
 24798 | D:14     | Reached skill level 4 in Shields
 24800 | D:14     | Identified a +0 dire flail
 24800 | D:14     | Identified a +0 giant spiked club
 24800 | D:14     | Noticed a two-headed ogre
 24806 | D:14     | Killed a two-headed ogre
 24817 | D:14     | Identified a cursed +0 buckler (You found it on level 11 of
                  | the Dungeon)
 24952 | D:15     | Entered Level 15 of the Dungeon
 24996 | D:15     | Identified a +0 longbow
 24996 | D:15     | Noticed a centaur warrior
 24996 | D:15     | Identified a cursed -3 shortbow
 24996 | D:15     | Identified a cursed -3 shortbow
 25002 | D:15     | Identified a +3 longbow of flaming
 25002 | D:15     | Identified a +2 centaur barding of cold resistance
 25002 | D:15     | Noticed Nessos
 25004 | D:15     | Killed a centaur warrior
 25330 | Lair:1   | Entered Level 1 of the Lair of Beasts
 25362 | Lair:1   | Noticed a five-headed hydra
 25370 | Lair:1   | Killed a five-headed hydra
 25420 | Lair:1   | Noticed a five-headed hydra
 25430 | Lair:1   | Killed a five-headed hydra
 25445 | Lair:1   | Found a gate leading to a gauntlet.
 25458 | Gauntlet | Entered a Gauntlet
 25458 | Gauntlet | Found a transporter.
 25460 | Gauntlet | Found a runed translucent door.
 25462 | Gauntlet | Found a transporter.
 25464 | Gauntlet | Found a transporter.
 25467 | Gauntlet | Found a transporter.
 25468 | Gauntlet | Found a transporter.
 25469 | Gauntlet | Found a transporter.
 25473 | Gauntlet | Found a runed translucent door.
 25474 | Gauntlet | Identified a +0 hand axe
 25474 | Gauntlet | Identified a +0 leather armour
 25474 | Gauntlet | Identified a +0 war axe
 25474 | Gauntlet | Identified a +0 robe
 25474 | Gauntlet | Identified a +0 broad axe
 25474 | Gauntlet | Identified a +0 robe
 25475 | Gauntlet | Found a runed translucent door.
 25477 | Gauntlet | Found a transporter.
 25479 | Gauntlet | Found a transporter.
 25527 | Gauntlet | Found a transporter.
 25527 | Gauntlet | Noticed a hell hog
 25544 | Gauntlet | Found a transporter.
 25548 | Gauntlet | Found a transporter.
 25560 | Gauntlet | Found a transporter.
 25561 | Gauntlet | Noticed a dire elephant
 25606 | Gauntlet | Found a runed translucent door.
 25889 | Gauntlet | Identified an amulet of regeneration (You found it on level
                  | 14 of the Dungeon)
 26003 | Gauntlet | Reached skill level 13 in Summonings
 26029 | Gauntlet | Killed a dire elephant
 26061 | Gauntlet | Got a polished leather armour
 26065 | Gauntlet | Got a pair of jewelled boots
 26196 | Gauntlet | Identified the +0 pair of boots of the Spheres {*Slow rPois
                  | rN+ Regen+} (You found it in a Gauntlet)
 26206 | Gauntlet | Identified the cursed +1 leather armour of Atheism {Int+3}
                  | (You found it in a Gauntlet)
 26223 | Gauntlet | Learned a level 5 spell: Lightning Bolt
 26223 | Gauntlet | drasked: ??*slow
 26223 | Gauntlet | meem: *slow[1/2]: Randart property that has 1% chance to
                  | {slow}you for 10-14 turns whenever you take damage while
                  | worn. Ignores damage over time from poison. Replacement for
                  | *Confuse.
 26223 | Gauntlet | beem: *slow[1/2]: Randart property that has 1% chance to
                  | {slow}you for 10-14 turns whenever you take damage while
                  | worn. Ignores damage over time from poison. Replacement for
                  | *Confuse.
 26233 | Gauntlet | Identified 2 potions of lignification
 26253 | Gauntlet | HP: 7/68 [hell hound/blast of flame (17)]
 26255 | Gauntlet | Identified a +0 arbalest
 26255 | Gauntlet | Identified a +0 chain mail
 26255 | Gauntlet | Noticed a minotaur
 26261 | Gauntlet | HP: 2/68 [hell hound/blast of flame (15)]
 26265 | Gauntlet | Hit by a silver javelin thrown by a minotaur

Table legend:
 A = Turns spent in this place as a percentage of turns spent in the entire game.
 B = Non-inter-level travel turns spent in this place as a percentage of non-inter-level travel turns spent in the entire game.
 C = Inter-level travel turns spent in this place as a percentage of turns spent in this place.
 D = Turns resting spent in this place as a percentage of non-inter-level travel turns spent in this place.
 E = Turns spent auto-exploring this place as a percentage of non-inter-level travel turns spent in this place.
 F = Non-inter-level travel turns spent in this place divided by the number of levels of this place that you've seen.
                   A       B       C       D       E      F
               +-------+-------+-------+-------+-------+----------------------
         Total | 100.0 | 100.0 |   3.9 |  42.1 |  33.3 | 1402.4
       Dungeon |  95.5 |  95.6 |   3.8 |  43.5 |  33.4 | 1609.1
        Temple |   1.0 |   0.9 |  13.9 |   0.0 |  98.6 | 216.0
          Lair |   0.5 |   0.3 |  34.4 |   0.0 |   0.0 |  84.0
      Gauntlet |   3.1 |   3.2 |   0.0 |  16.1 |  16.0 | 807.0
               +-------+-------+-------+-------+-------+----------------------

Table legend:
 A = Kills in this place as a percentage of kills in entire the game.
 B = Kills by you in this place as a percentage of kills by you in the entire game.
 C = Kills by friends in this place as a percentage of kills by friends in the entire game.
 D = Other kills in this place as a percentage of other kills in the entire game.
 E = Experience gained in this place as a percentage of experience gained in the entire game.
 F = Experience gained in this place divided by the number of levels of this place that you have seen.
                   A       B       C       D       E      F
               +-------+-------+-------+-------+-------+----------------------
         Total | 100.0 | 100.0 | 100.0 | 100.0 | 100.0 | 2047.8
       Dungeon |  97.5 |  98.5 |  95.7 | 100.0 |  92.3 | 2268.3
          Lair |   1.7 |   0.7 |   3.2 |   0.0 |   4.2 | 1557.0
      Gauntlet |   0.8 |   0.7 |   1.1 |   0.0 |   3.5 | 1279.0
               +-------+-------+-------+-------+-------+----------------------

Skill      XL: |  1  2  3  4  5  6  7  8  9 10 11 12 |
---------------+-------------------------------------+-----
Conjurations   | 2 3 4 5 8 10 | 10.1
Summonings     | 3 4 5 7 9 13 | 13.1
Spellcasting   | 5 7 8 10 | 10.1
Poison Magic   | 2 |  2.0
Air Magic      | 2 |  2.1
Fighting       | 1 5 |  5.0
Dodging        | 3 8 12 | 12.4
Ice Magic      | 5 |  5.0
Shields        | 4 |  4.0
Stealth        | |  2.4
Translocations | |  1.1

Action                   |  1- 3 |  4- 6 |  7- 9 | 10-12 || total
-------------------------+-------+-------+-------+-------++-------
Melee: Spear             |       |    14 |    59 |   243 ||   316
 Cast: Magic Dart        |    74 |   119 |   438 |   341 ||   972
       Mephitic Cloud    |       |     7 |    54 |   129 ||   190
       Call Imp          |       |       |    31 |    50 ||    81
       Blink             |       |       |     1 |     8 ||     9
       Summon Ice Beast  |       |       |       |   164 ||   164
  Use: Scroll            |       |       |     6 |    21 ||    27
       Potion            |       |       |       |     3 ||     3
 Stab: Confused          |       |     1 |     4 |    17 ||    22
       Distracted        |       |       |       |     1 ||     1
  Eat: Chunk             |     2 |     7 |    12 |    26 ||    47
       Ration            |       |       |     3 |     7 ||    10
Armor: Robe              |       |     5 |    26 |    24 ||    55
Dodge: Dodged            |     3 |    14 |   113 |   186 ||   316
Block: Other             |       |       |       |    22 ||    22
       Buckler           |       |       |       |    17 ||    17
       Reflection        |       |       |       |     1 ||     1

Vanquished Creatures
  A dire elephant (Gauntlet)
  Harold (D:7)
  A centaur warrior (D:14)
  4 two-headed ogres
  Nergalle (D:10)
  Pikel (D:9)
  An orc knight (D:14)
  An elephant (Gauntlet)
  2 centaur zombies
  Maggie (D:7)
  A yaktaur (D:14)
  A komodo dragon (Lair:1)
  2 merfolk
  A slime creature (D:12)
  Eustachio (D:6)
  A human (D:14)
  A yak (D:12)
  A wyvern (D:11)
  A hungry ghost (D:9)
  A water moccasin (D:7)
  Duvessa (D:7)
  A porcupine (Lair:1)
  2 orc warriors
  3 ice beasts
  A phantom (D:8)
  A slave (D:9)
  A black bear (D:11)
  An eye of draining (D:10)
  A necrophage (D:9)
  A centaur (D:5)
  2 ogres
  A crocodile (D:11)
  2 big kobolds
  9 bullfrogs
  A gnoll sergeant (D:6)
  2 scorpions
  Dowan (D:7)
  13 killer bees
  8 electric eels
  3 howler monkeys
  2 crimson imps (D:5)
  7 hounds
  3 jellies
  A bullfrog skeleton (D:7)
  12 orc priests
  13 orc wizards
  A centaur skeleton (D:4)
  4 iguanas
  9 worker ants
  A hound skeleton (D:6)
  A worker ant zombie (D:3)
  A howler monkey skeleton (D:9)
  13 adders
  11 gnolls
  3 shadow imps
  2 oozes
  2 adder skeletons (D:8)
  2 worms (D:2)
  2 dart slugs
  4 leopard geckos
  48 orcs
  3 giant cockroaches
  5 goblins
  10 hobgoblins
  2 jackals (D:11)
  16 kobolds
  8 quokkas
  4 bats
  7 frilled lizards
  2 quokka skeletons
  A quokka zombie (D:7)
  8 rats
288 creatures vanquished.

Vanquished Creatures (collateral kills)
  Snorg (D:12)
  3 hydras
  2 vault guards (D:14)
  2 centaur warriors
  An ogre mage (D:14)
  3 two-headed ogres
  Sonja (D:10)
  An orc knight (D:14)
  4 deep elf magi
  An orc sorcerer (D:14)
  3 ugly things
  A manticore (D:11)
  A centaur zombie (D:14)
  An elephant (Gauntlet)
  3 centaur skeletons
  A gargoyle (D:12)
  A yaktaur (D:14)
  7 trolls
  5 slime creatures
  3 hippogriffs
  A wraith (D:14)
  4 water elementals
  2 shadows
  2 hogs (D:11)
  10 yaks
  A wyvern (D:13)
  2 hungry ghosts
  A soldier ant (D:14)
  A water moccasin (Lair:1)
  A hell hound (Gauntlet)
  A sky beast (D:9)
  2 ice beasts
  8 black bears (D:11)
  4 orc warriors
  2 eyes of draining
  A phantom (D:9)
  An ogre (D:11)
  10 centaurs
  A crocodile (Lair:1)
  6 bullfrogs
  3 big kobolds
  A water moccasin zombie (D:8)
  5 gnoll sergeants (D:11)
  A wyvern skeleton (D:12)
  A scorpion (D:12)
  A killer bee (D:7)
  3 electric eels
  A howler monkey (D:8)
  A crimson imp (D:14)
  A hound (D:7)
  2 gnoll shamans (D:11)
  4 jellies (D:13)
  An orc priest (D:14)
  7 orc wizards
  An iguana (D:11)
  4 worker ants
  2 adders
  24 orcs
  5 jackals (D:11)
  2 quokkas
  A goblin (D:11)
  10 kobolds (D:12)
187 creatures vanquished.

Vanquished Creatures (others)
  2 slaves (D:9)
  An electric eel (D:11)
  An orc wizard (D:12)
  26 plants
30 creatures vanquished.

Grand Total: 505 creatures vanquished
